Selects Airborne Battlegroup
Selects Heavy Machine Gun Paradrop
Heavy Machine Gun Paradrop
Construct Weapon Support Center
Heavy Machine Gun Paradrop
Construct Medical Station
Selects Paratrooper Squad Paradrop
Paratrooper Squad Paradrop
Paratrooper Squad Paradrop
M3 Armored Personnel Carrier
Selects Paradrop Reinforcements
M4(105) Sherman Bulldozer
Paratrooper Squad Paradrop
Paratrooper Squad Paradrop
M18 Hellcat Tank Destroyer
Selects Carpet Bombing Run
Selects Anti-tank Gun Team Paradrop
Anti-tank Gun Team Paradrop